 Dungeon Crawl Stone Soup version 0.21-a0-442-g848f44b (webtiles) character file.

690 tof the Twirler (level 7, -1/48 HPs)
             Began as a Demonspawn Gladiator on Nov 13, 2017.
             Was a Follower of Hepliaklqana.
             Slain by a shadow imp (5 damage)
             ... on level 4 of the Dungeon.
             The game lasted 00:05:42 (4673 turns).

tof the Twirler (Demonspawn Gladiator)              Turns: 4673, Time: 00:05:43

Health: -1/48      AC: 12    Str: 14    XL:     7   Next: 36%
Magic:  7/7        EV: 14    Int: 10    God:    Hepliaklqana [*.....]
Gold:   283        SH:  0    Dex: 16    Spells: 6/6 levels left

rFire    + . .     SeeInvis .   a - +0 quarterstaff
rCold    . . .     Gourm    .   (shield currently unavailable)
rNeg     . . .     Faith    .   b - +0 leather armour
rPois    .         Spirit   .   (helmet restricted)
rElec    .         Reflect  .   (no cloak)
rCorr    .         Harm     .   (no gloves)
MR       .....                  (no boots)
Stlth    ++........             (no amulet)
HPRegen  0.16/turn              l - ring of protection from fire
MPRegen  0.10/turn              (no ring)

@: sanguine armour
A: reduced essence, antennae 2, nightstalker 1, sanguine armour 2
a: Recall Ancestor, Ancestor Identity, Renounce Religion


You were on level 4 of the Dungeon.
You worshipped Hepliaklqana.
Hepliaklqana was aware of your devotion.
You were not hungry.

You visited 1 branch of the dungeon, and saw 5 of its levels.

You collected 283 gold pieces.

Inventory:

Hand Weapons
 a - a +0 quarterstaff (weapon)
Missiles
 d - 4 throwing nets (quivered)
 o - 9 poisoned needles
Armour
 b - a +0 leather armour (worn)
 c - a +0 helmet
Jewellery
 l - a ring of protection from fire (left hand)
Wands
 p - a wand of flame (12/48)
 v - a wand of flame (20/48)
 A - a wand of iceblast (8/15)
Scrolls
 g - 4 scrolls of teleportation {unknown}
 h - 2 scrolls of remove curse {unknown}
 i - 9 scrolls of identify {unknown}
 m - a scroll of random uselessness {unknown}
 n - 2 scrolls of fear {unknown}
 r - 2 scrolls of enchant armour {unknown}
 u - a scroll of immolation {unknown}
 x - 2 scrolls of magic mapping {unknown}
 y - a scroll of noise {unknown}
 z - a scroll of fog {unknown}
 C - 3 scrolls of recharging {unknown}
Potions
 e - 5 potions of curing {unknown}
 k - 2 potions of brilliance {unknown}
 q - 2 potions of lignification {unknown}
 s - a potion of degeneration {unknown}
 w - a potion of cancellation {unknown}
 D - 2 potions of heal wounds {unknown}
Comestibles
 f - 3 bread rations
 j - 3 fruits
 t - a royal jelly
 B - a chunk of flesh
 E - a meat ration


   Skills:
 + Level 4.0 Fighting
 * Level 5.4 Staves
 - Level 1.7 Throwing
 + Level 3.0 Armour
 + Level 4.2 Dodging


You had 6 spell levels left.
You didn't know any spells.

Dungeon Overview and Level Annotations

Branches:
Dungeon (5/15)
 Temple: D:4-7

Altars:
Gozag
Hepliaklqana
Nemelex Xobeh


Innate Abilities, Weirdness & Mutations

You have a pair of antennae on your head.
You are slightly more attuned to the shadows.
When seriously injured, your bleeding wounds create thick armour. (AC +9)
Your life essence is reduced to manifest your ancestor. (-10% HP)


Message History

A puff of flame appears from out of thin air!
The puff of flame hits you! You resist.
* * * LOW HITPOINT WARNING * * *
The shadow imp closely misses you.
You barely miss something.
You hear some strange, mumbled words.
A puff of frost appears from out of thin air!
The puff of frost misses you. The shadow imp barely misses you.
Something hits you but does no damage.
You barely miss something. Something hits you but does no damage.
The shadow imp hits you but does no damage.
You thump something!
Reactivating autopickup.
You feel a bit more experienced. The shadow imp barely misses you.
Things that are here:
a dagger; a robe You hit the shadow imp but do no damage.
The shadow imp hits you but does no damage.
You barely miss the shadow imp. The shadow imp hits you.
You die...

#R#.####............# #.##...>
#>#....<.......<.##.######.##....
#.#######.......###.....##.......
#.# ##.....## #####...#.....# #.#
#..#### ###....)..R #.# ##.##
###....#. #.## #..## #....## #..#
##.)#### #....# ##.# ##)>5@#
#....# #.# ####.######## ######
#R##########...........#
##.##.........##...##...#
......############)...### ......#
###..##### ......# #......#
......# ####.###.## ......#
#....# #..# ####


You could see a shadow imp.

Vanquished Creatures
  A scorpion (D:4)
  A howler monkey (D:4)
  2 hounds (D:4)
  An orc wizard (D:4)
  An iguana (D:4)
  Terence (D:3)
  A worker ant (D:4)
  Natasha (twice) (D:3)
  2 gnolls
  6 adders
  An ooze (D:4)
  2 adder skeletons (D:4)
  2 worms (D:4)
  4 leopard geckos
  4 orcs
  7 giant cockroaches
  6 goblins
  9 hobgoblins
  5 jackals (D:2)
  5 kobolds
  7 bats
  3 frilled lizards
  5 rats
78 creatures vanquished.

Vanquished Creatures (collateral kills)
  A sky beast (D:5)
  A jelly (D:4)
  Natasha (D:3)
  2 iguanas
  A worker ant zombie (D:5)
  A gnoll (D:4)
  2 orcs
  A bat (D:2)
  A jackal (D:2)
11 creatures vanquished.

Vanquished Creatures (others)
  An ancestor (D:4)
1 creature vanquished.

Grand Total: 90 creatures vanquished

Notes
Turn   | Place    | Note
-------+----------+-------------------------------------------
     0 | D:1      | tof the Demonspawn Gladiator began the quest for the Orb.
     0 | D:1      | Reached XP level 1. HP: 16/16 MP: 1/1
    88 | D:1      | Gained mutation: You have a pair of small antennae on your head. [demonic ancestry]
    88 | D:1      | Reached XP level 2. HP: 22/22 MP: 2/2
    93 | D:1      | Reached skill level 3 in Staves
   597 | D:1      | Reached XP level 3. HP: 22/28 MP: 3/3
   908 | D:2      | Found a hazy altar of Hepliaklqana.
   942 | D:2      | Reached skill level 1 in Armour
  1005 | D:2      | Became a worshipper of Hepliaklqana the Forgotten
  1163 | D:2      | Gained mutation: You are slightly more attuned to the shadows. [demonic ancestry]
  1163 | D:2      | Reached XP level 4. HP: 10/30 MP: 4/4
  1551 | D:2      | Found a sparkling altar of Nemelex Xobeh.
  1893 | D:3      | Noticed Terence
  1894 | D:3      | Noticed Natasha
  1914 | D:3      | Killed Terence
  2070 | D:3      | Killed Natasha
  2070 | D:3      | Gained mutation: When seriously injured, your bleeding wounds create armour. (AC +9) [demonic ancestry]
  2070 | D:3      | Reached XP level 5. HP: 23/36 MP: 5/5
  2138 | D:3      | Reached skill level 4 in Staves
  2363 | D:3      | Noticed Natasha
  2369 | D:3      | Killed Natasha
  2524 | D:3      | Reached * piety under Hepliaklqana
  2690 | D:3      | Noticed Natasha
  2750 | D:3      | Killed Natasha
  3149 | D:4      | Gained mutation: When seriously injured, your bleeding wounds create thick armour. (AC +9) [demonic ancestry]
  3149 | D:4      | Reached XP level 6. HP: 35/42 MP: 6/6
  3645 | D:4      | Found an opulent altar of Gozag.
  3826 | D:4      | Reached skill level 5 in Staves
  3961 | D:4      | Gained mutation: You have a pair of antennae on your head. [demonic ancestry]
  3961 | D:4      | Reached XP level 7. HP: 37/47 MP: 7/7
  4320 | D:5      | Entered Level 5 of the Dungeon
  4666 | D:4      | HP: 2/48 [something/puff of flame (3)]
  4673 | D:4      | Slain by a shadow imp

Vault maps used:
D:1:      minmay_arrival_plants_in_alcoves
D:2:      overflow_temple_1_default, nicolae_overflow_hidden_temple, st_stairs_9
D:3:      minivault_27, minmay_misc_feat_nine_boxes, uniq_natasha, uniq_terence
D:4:      grunt_gozag_breadcrumbs, first_bread
D:5:      slow_altar_1, kennysheep_mini_moat, temple_green, serial_shops, shop,
          fedhas_bush_and_centaur_altar

Skill      XL: |  1  2  3  4  5  6  7 |
---------------+----------------------+-----
Staves         | 3 4 5 |  5.4
Armour         | 1 2 3 |  3.0
Dodging        | 3 4 |  4.2
Fighting       | 3 4 |  4.0
Throwing       | |  1.7

Action                   |  1- 3 |  4- 6 |  7- 9 || total
-------------------------+-------+-------+-------++-------
Melee: Quarterstaff      |   101 |   155 |    35 ||   291
 Stab: Sleeping          |     1 |     8 |       ||     9
       Distracted        |       |       |     1 ||     1
  Eat: Chunk             |     1 |     9 |     2 ||    12
Armor: Leather armour    |    30 |    30 |    19 ||    79
Dodge: Dodged            |    92 |    83 |    38 ||   213

Table legend:
 A = Spawn XP
 B = Non-spawn XP
 C = Spawn XP percentage of total XP
 D = Spawn monster count
 E = Non-spawn monster count
 F = Spawn count percentage of total count
 G = Total turns spent on level
                    A         B        C        D         E        F      G
               +---------+---------+-------+---------+---------+-------+---------
         Total |       0 |     987 |   0.0 |       0 |      89 |   0.0 |  4673
               +---------+---------+-------+---------+---------+-------+---------
           D:1 |       0 |      41 |   0.0 |       0 |      24 |   0.0 |   900
           D:2 |       0 |      82 |   0.0 |       0 |      26 |   0.0 |   877
           D:3 |       0 |     224 |   0.0 |       0 |      15 |   0.0 |  1364
           D:4 |       0 |     472 |   0.0 |       0 |      19 |   0.0 |  1402
           D:5 |       0 |     168 |   0.0 |       0 |       5 |   0.0 |   130
               +---------+---------+-------+---------+---------+-------+---------
